 Dungeon Crawl Stone Soup version 0.23-a0-516-g0f8c245 (webtiles) character file.

175 theanonym the Cudgeler (level 5, -3/41 HPs)
             Began as a Mummy Warper on Dec 5, 2018.
             Slain by Sigmund
             ... wielding a +0 scythe
              (11 damage)
             ... on level 3 of the Dungeon.
             The game lasted 00:04:22 (4688 turns).

theanonym the Cudgeler (Mummy Warper)               Turns: 4688, Time: 00:04:23

Health: -3/41      AC:  6    Str: 16    XL:     5   Next: 29%
Magic:  9/9        EV: 11    Int: 12    God:
Gold:   123        SH:  0    Dex: 11    Spells: 9/9 levels left

rFire    x . .     SeeInvis .   a - +0 flail (protect)
rCold    + . .     Gourm    .   (no shield)
rNeg     + + +     Faith    .   g - +0 ring mail
rPois    ∞         Spirit   .   (no helmet)
rElec    .         Reflect  .   (no cloak)
rCorr    .         Harm     .   c - +0 pair of gloves (curse)
MR       .....                  (no boots)
Stlth    ..........             (no amulet)
HPRegen  0.13/turn              (no ring)
MPRegen  0.11/turn              (no ring)

@: confused
A: no food or potions, fire vulnerability, cold resistance 1, negative energy
resistance 3, torment resistance, unbreathing
a: no special abilities


Innate Abilities, Weirdness & Mutations

You do not eat or drink.
Your flesh is vulnerable to fire.
You are immune to poison.
Your flesh is cold resistant. (rC+)
You are immune to negative energy. (rN+++)
You are immune to unholy pain and torment.
You can survive without breathing.


   Skills:
 + Level 3.5 Fighting
 * Level 3.8 Maces & Flails
 - Level 0.7 Throwing
 - Level 0.8 Armour
 - Level 1.5 Dodging
 - Level 2.6 Spellcasting
   Level 2.4 Translocations


You had 9 spell levels left.
You didn't know any spells.
Your spell library contained the following spells:

 Spells                   Type           Power        Failure   Level  Hunger
 Blink                    Tloc           N/A          26%         2    N/A
 Shroud of Golubria       Chrm/Tloc      #.........   41%         2    N/A
 Gell's Gravitas          Tloc           #.........   47%         3    N/A
 Lesser Beckoning         Tloc           #.........   47%         3    N/A
 Teleport Other           Tloc           #.......     47%         3    N/A
 Passage of Golubria      Tloc           N/A          87%         4    N/A

Skill      XL: |  1  2  3 |
---------------+----------+-----
Maces & Flails | 2 3 |  3.8
Fighting       | 3 |  3.5
Throwing       | |  0.7
Armour         | |  0.8
Dodging        | |  1.5
Spellcasting   | |  2.6
Translocations | |  2.4

Action                   |  1- 3 |  4- 6 || total
-------------------------+-------+-------++-------
Melee: Mace              |   157 |    44 ||   201
       Flail             |       |    32 ||    32
Throw: Tomahawk          |     2 |     3 ||     5
  Use: Scroll            |       |     4 ||     4
Armor: Leather armour    |    20 |       ||    20
       Ring mail         |    44 |    25 ||    69
Dodge: Dodged            |    96 |    38 ||   134

Inventory:

Hand Weapons
 a - a +0 flail of protection (weapon)
   (You took it off an orc on level 3 of the Dungeon)
 d - a +1 mace
Armour
 b - a +0 leather armour
 c - a cursed +0 pair of gloves (worn)
   (You found it on level 1 of the Dungeon)
 g - a +0 ring mail (worn)
   (You found it on level 1 of the Dungeon)
Scrolls
 h - a scroll of amnesia
 i - 2 scrolls of enchant weapon
 n - a scroll of remove curse
 y - a scroll of magic mapping
 B - 2 scrolls of blinking


You were on level 3 of the Dungeon.
You were not hungry.

You visited 1 branch of the dungeon, and saw 3 of its levels.

You collected 123 gold pieces.

Dungeon Overview and Level Annotations

Branches:
Dungeon (3/15)

Altars:
Dithmenos
Kikubaaqudgha
Vehumet

Annotations:
D:3 Sigmund

..###############.....
.##...@...@...........
.#..#############......
...## ... #### ### >...
# ##..# .. #####
#....### .# ......
#...###.# # ######
#..@{.##.# .#
###......# ...#
##...#### ##..# #..).#
.. #..#.# ### #.###
##(.#.# ..#
.....####...#.. #.#
#...#...####. #
#.(@...###.#


There were no monsters in sight!

Notes
Turn   | Place    | Note
-------+----------+-------------------------------------------
     0 | D:1      | theanonym the Mummy Warper began the quest for the Orb.
     0 | D:1      | Reached XP level 1. HP: 16/16 MP: 4/4
   193 | D:1      | HP: 8/16 [goblin/+1 dagger of venom (2)]
   460 | D:1      | Reached skill level 2 in Maces & Flails
   480 | D:1      | Reached XP level 2. HP: 17/22 MP: 5/5
  1401 | D:2      | HP: 10/23 [worm (6)]
  1416 | D:2      | HP: 8/23 [worm (3)]
  1640 | D:2      | Reached XP level 3. HP: 17/28 MP: 7/7
  1817 | D:2      | HP: 14/28 [worm (7)]
  1820 | D:2      | HP: 6/28 [worker ant zombie (4)]
  2061 | D:2      | Found a shadowy altar of Dithmenos.
  2103 | D:2      | HP: 10/28 [worm (10)]
  2603 | D:2      | Reached skill level 3 in Maces & Flails
  2611 | D:2      | HP: 14/28 [hobgoblin (2)]
  3038 | D:2      | Noticed Natasha
  3044 | D:2      | Killed Natasha
  3044 | D:2      | Reached skill level 3 in Fighting
  3044 | D:2      | Reached XP level 4. HP: 35/35 MP: 8/8
  3257 | D:2      | Found a shadowy altar of Dithmenos.
  3567 | D:2      | Noticed Natasha
  3577 | D:2      | Killed Natasha
  4123 | D:2      | Noticed Natasha
  4135 | D:2      | Killed Natasha
  4135 | D:2      | Reached XP level 5. HP: 32/41 MP: 9/9
  4484 | D:3      | Found a radiant altar of Vehumet.
  4484 | D:3      | Found an ancient bone altar of Kikubaaqudgha.
  4507 | D:3      | Noticed Sigmund
  4676 | D:3      | HP: 20/41 [Sigmund/magic dart (3)]
  4683 | D:3      | HP: 13/41 [something (8)]
  4688 | D:3      | Slain by Sigmund

Vanquished Creatures
  Natasha (thrice) (D:2)
  A worker ant zombie (D:2)
  3 adders
  3 worms (D:2)
  2 dart slugs (D:2)
  A leopard gecko (D:3)
  2 orcs (D:3)
  3 giant cockroaches
  9 goblins
  4 hobgoblins
  5 bats
  A frilled lizard (D:1)
  5 kobolds
  7 rats
49 creatures vanquished.

Table legend:
 A = Turns spent in this place as a percentage of turns spent in the entire game.
 B = Non-inter-level travel turns spent in this place as a percentage of non-inter-level travel turns spent in the entire game.
 C = Inter-level travel turns spent in this place as a percentage of turns spent in this place.
 D = Turns resting spent in this place as a percentage of non-inter-level travel turns spent in this place.
 E = Turns spent auto-exploring this place as a percentage of non-inter-level travel turns spent in this place.
 F = Non-inter-level travel turns spent in this place divided by the number of levels of this place that you've seen.
                   A       B       C       D       E      F
               +-------+-------+-------+-------+-------+----------------------
         Total | 100.0 | 100.0 |   4.2 |  37.2 |  51.0 | 1497.7
       Dungeon | 100.0 | 100.0 |   4.2 |  37.2 |  51.0 | 1497.7
               +-------+-------+-------+-------+-------+----------------------
